 Dungeon Crawl Stone Soup version 0.24.0-123-gd5b16e6ec5 (webtiles) character file.

Game seed: 12644360100989785556, levelgen mode: deterministic

488680 Peloso the Minotaur Barricade (level 23, -9/247 HPs)
             Began as a Minotaur Fighter on Jan 12, 2020.
             Was the Champion of Okawaru.
             Mangled by a titan (23 damage)
             ... on level 5 of the Vaults.
             The game lasted 03:11:26 (55750 turns).

Peloso the Minotaur Barricade (Minotaur Fighter)   Turns: 55750, Time: 03:11:27

Health: -9/247     AC: 35    Str: 34    XL:     23   Next: 54%
Magic:  24/24      EV: 14    Int: 12    God:    Okawaru [******]
Gold:   4447       SH: 25    Dex: 18    Spells: 22/22 levels left

rFire    + . .     SeeInvis +   a - +8 autumn katana {slice, Clar}
rCold    . . .     Gourm    .   c - +2 shield {reflect}
rNeg     . . .     Faith    .   J - +7 plate armour of Okawaru {rPois Regen+ Dex+2}
rPois    +         Spirit   .   M - +2 hat {MR+}
rElec    +         Reflect  +   r - scarf {cloud immunity}
rCorr    +         Harm     .   S - +2 pair of gloves {Dex+3}
MR       +++..     Clarity  +   O - +2 pair of boots {Fly}
Stlth    ..........             W - amulet of Tempters {Reflect *Slow MR+ Str+6 SH+3 SInv}
HPRegen  0.91/turn              V - ring "Meetukot" {rCorr Slay+3 SInv}
MPRegen  0.19/turn              N - ring "Unefur" {rElec rF+ Int+5}

@: lethally poisoned (-9 -> -9), marked, flying, hasted, drained, very quick
A: retaliatory headbutt, horns 2, clever 1, sense surroundings 1, robust 1
}: 3/15 runes: barnacled, silver, gossamer
a: Heroism, Finesse, Renounce Religion, Stop Flying


You were on level 5 of the Vaults.
You worshipped Okawaru.
Okawaru was exalted by your worship.
You were hungry.

You visited 8 branches of the dungeon, and saw 40 of its levels.
You visited the Abyss 2 times.
You also visited: Sewer, Gauntlet and Ice Cave.

You collected 5511 gold pieces.
You spent 1064 gold pieces at shops.

Inventory:

Hand Weapons
 a - the +8 autumn katana (weapon) {slice, Clar}
   (Okawaru gifted it to you on level 1 of the Spider Nest)

   It inflicts extra damage upon your enemies.
   It protects you against confusion.
 b - a +9 double sword of flaming
 y - the +8 scimitar of the Eleven Lies {antimagic, rC+ MR++ SInv}
   (Okawaru gifted it to you on level 3 of the Shoals)

   It reduces the magical energy of the wielder, and disrupts the spells and
   magical abilities of those hit.
   Natural abilities and divine invocations are not affected.
   It protects you from cold.
   It affects your resistance to hostile enchantments.
   It lets you see invisible.
 L - the +8 demon blade "Leech" {vamp, rN+ AC-3 EV-3}
   (You took it off a deep elf sorcerer on level 3 of the Elven Halls)

   It inflicts no extra harm, but heals its wielder when it wounds a living foe.
   It affects your AC (-3).
   It affects your evasion (-3).
   It protects you from negative energy.
Armour
 c - a +2 shield of reflection (worn)
 g - the +1 chain mail of Ahuatrig {rElec rF+ rC++ Str-2 Dex+4}
   (You bought it in a shop on level 1 of the Vaults)

   It affects your strength (-2).
   It affects your dexterity (+4).
   It protects you from fire.
   It greatly protects you from cold.
   It insulates you from electricity.
 p - the +0 pair of boots of Calculation {rPois rF- rCorr Int+4}
   (You found it on level 3 of the Elven Halls)

   It affects your intelligence (+4).
   It makes you vulnerable to fire.
   It protects you from poison.
   It provides partial protection from all sources of acid and corrosion.
 r - a scarf of cloud immunity (worn)
 A - +0 ice dragon scales
 J - the +7 plate armour of Okawaru (worn) {rPois Regen+ Dex+2}
   (Okawaru gifted it to you on level 1 of the Shoals)

   It affects your dexterity (+2).
   It protects you from poison.
   It increases your rate of regeneration.
 M - a +2 hat of magic resistance (worn)
 O - a +2 pair of boots of flying (worn)
 S - a +2 pair of gloves of dexterity (worn)
Jewellery
 h - a +4 ring of dexterity
 l - an uncursed ring of protection from cold
 x - an uncursed ring of fire {unknown}
 z - an uncursed ring of resist corrosion
 F - a +2 ring of strength {unknown}
 I - the ring "Kioguic" {rF+ rN+ Stlth+}
   (You took it off a deep elf demonologist on level 3 of the Elven Halls)

   [ring of protection from fire]

   It protects you from fire.
   It protects you from negative energy.
   It makes you more stealthy.
 K - an uncursed ring of ice
 N - the ring "Unefur" (right hand) {rElec rF+ Int+5}
   (You found it on level 4 of the Shoals)

   [ring of protection from fire]

   It affects your intelligence (+5).
   It protects you from fire.
   It insulates you from electricity.
 V - the ring "Meetukot" (left hand) {rCorr Slay+3 SInv}
   (You found it on level 5 of the Vaults)

   [ring of resist corrosion]

   It affects your accuracy and damage with ranged weapons and melee attacks
   (+3).
   It lets you see invisible.
   It provides partial protection from all sources of acid and corrosion.
 W - the amulet of Tempters (around neck) {Reflect *Slow MR+ Str+6 SH+3 SInv}
   (You bought it in a shop on level 2 of the Orcish Mines)

   [amulet of reflection]

   It shields you and reflects attacks.
   It affects your strength (+6).
   It affects your resistance to hostile enchantments.
   It lets you see invisible.
   It may slow you when you take damage.
   It affects your SH (+3).
Wands
 k - a wand of enslavement (14)
 m - a wand of acid (9)
 B - a wand of random effects (19)
 H - a wand of iceblast (10)
 U - a wand of paralysis (14)
Scrolls
 e - 15 scrolls of teleportation
 i - 3 scrolls of enchant weapon
 j - 5 scrolls of magic mapping
 q - 9 scrolls of fear
 s - 12 scrolls of remove curse
 v - 9 scrolls of identify
 D - a scroll of enchant armour
 P - 2 scrolls of fog
 Q - a scroll of brand weapon
 R - a scroll of amnesia
 X - 3 scrolls of noise
Potions
 d - a potion of might
 n - 7 potions of haste
 o - 17 potions of curing
 t - 5 potions of flight
 u - a potion of heal wounds
 w - 3 potions of agility
 C - 7 potions of resistance
 E - a potion of mutation
 G - a potion of ambrosia
 T - 2 potions of magic
Miscellaneous
 Y - a sack of spiders
 Z - a phial of floods
Comestibles
 f - 57 rations


   Skills:
 + Level 22.9(21.9) Fighting
 + Level 23.2(22.2) Long Blades
 + Level 19.7(18.8) Armour
 + Level 8.5(7.8) Dodging
 + Level 2.3(1.7) Stealth
 O Level 27(25.9) Shields
 + Level 3.9(3.3) Invocations
 + Level 1.1(0.5) Evocations


You had 22 spell levels left.
You didn't know any spells.
Your spell library contained the following spells:

 Spells                   Type           Power        Failure   Level  Hunger
 Animate Skeleton         Necr           N/A          77%         1    ##.....
 Confusing Touch          Hex            #.....       77%         1    ##.....
 Corona                   Hex            #......      77%         1    ##.....
 Flame Tongue             Conj/Fire      #....        77%         1    ##.....
 Freeze                   Ice            #...         77%         1    ##.....
 Infusion                 Chrm           #...         77%         1    ##.....
 Pain                     Necr           #...         77%         1    ##.....
 Sandblast                Erth           #.....       77%         1    ##.....
 Shock                    Conj/Air       #...         77%         1    ##.....
 Sting                    Conj/Pois      #...         77%         1    ##.....
 Summon Butterflies       Summ           #.......     77%         1    ##.....
 Summon Small Mammal      Summ           #...         77%         1    ##.....
 Blink                    Tloc           N/A          88%         2    ###....
 Call Imp                 Summ           #.......     88%         2    ###....
 Passwall                 Tmut/Erth      #.......     88%         2    ###....
 Poisonous Vapours        Pois/Air       #.....       88%         2    ###....
 Shroud of Golubria       Chrm/Tloc      #.....       88%         2    ###....
 Song of Slaying          Chrm           #.......     88%         2    ###....
 Swiftness                Chrm/Air       #.......     88%         2    ###....
 Throw Frost              Conj/Ice       #.....       88%         2    ###....
 Call Canine Familiar     Summ           #.......     98%         3    ####...
 Conjure Flame            Conj/Fire      #.......     98%         3    ####...
 Gell's Gravitas          Tloc           #.........   98%         3    ####...
 Ignite Poison            Fire/Tmut/Pois #.......     98%         3    ####...
 Inner Flame              Hex/Fire       #.......     98%         3    ####...
 Lesser Beckoning         Tloc           #.........   98%         3    ####...
 Mephitic Cloud           Conj/Pois/Air  #.......     98%         3    ####...
 Ozocubu's Armour         Chrm/Ice       #.......     98%         3    ####...
 Regeneration             Chrm/Necr      #.........   98%         3    ####...
 Spectral Weapon          Hex/Chrm       #.......     98%         3    ####...
 Static Discharge         Conj/Air       #.......     98%         3    ####...
 Stone Arrow              Conj/Erth      #.....       98%         3    ####...
 Summon Guardian Golem    Hex/Summ       #.......     98%         3    ####...
 Teleport Other           Tloc           #.......     98%         3    ####...
 Vampiric Draining        Necr           #.........   98%         3    ####...
 Airstrike                Air            #.........   100%        4    #####..
 Animate Dead             Necr           N/A          100%        4    #####..
 Cause Fear               Hex            #.........   100%        4    #####..
 Olgreb's Toxic Radiance  Pois           #.......     100%        4    #####..
 Passage of Golubria      Tloc           N/A          100%        4    #####..
 Petrify                  Tmut/Erth      #.......     100%        4    #####..
 Summon Ice Beast         Ice/Summ       #.......     100%        4    #####..
 Summon Lightning Spire   Summ/Air       #.......     100%        4    #####..
 Throw Icicle             Conj/Ice       #.......     100%        4    #####..
 Borgnjor's Vile Clutch   Necr/Erth      #.........   100%        5    ######.
 Fireball                 Conj/Fire      #.........   100%        5    ######.
 Lee's Rapid Deconstruct  Erth           #.........   100%        5    ######.
 Lightning Bolt           Conj/Air       #.........   100%        5    ######.
 Metabolic Englaciation   Hex/Ice        #.........   100%        5    ######.
 Silence                  Hex/Air        #.........   100%        5    ######.
 Summon Mana Viper        Hex/Summ       #.......     100%        5    ######.
 Venom Bolt               Conj/Pois      #.........   100%        5    ######.
 Yara's Violent Unravell  Hex/Tmut       #.........   100%        5    ######.
 Bolt of Fire             Conj/Fire      #.........   100%        6    #######
 Deflect Missiles         Chrm/Air       #.........   100%        6    #######
 Ozocubu's Refrigeration  Ice            #.........   100%        6    #######
 Dragon Form              Tmut           #.........   100%        7    #######
 Ring of Flames           Chrm/Fire      #.........   100%        7    #######
 Summon Hydra             Summ           #.........   100%        7    #######
 Discord                  Hex            #.........   100%        8    #######
 Ignition                 Fire           #.........   100%        8    #######
 Dragon's Call            Summ           #.........   100%        9    #######
 Shatter                  Erth           #.........   100%        9    #######


Dungeon Overview and Level Annotations

Branches:
Dungeon (15/15)            Temple (1/1) D:5            Lair (6/6) D:9
 Shoals (4/4) Lair:3       Spider (4/4) Lair:2        Slime (0/5) Lair:6
    Orc (2/2) D:12            Elf (3/3) Orc:2        Vaults (5/5) D:13
  Crypt (0/3) Vaults:2     Depths (0/5) D:15          Sewer (visited)
  IceCv (visited)         Gauntlet (visited)

Altars:
Dithmenos
Elyvilon
Fedhas
Gozag
Kikubaaqudgha
Makhleb
Nemelex Xobeh
Okawaru
Qazlal
Ru
Sif Muna
Trog
Vehumet
Wu Jian
Xom
Zin
The Shining One
Beogh
Jiyva

Shops:
D:6 *   Orc:2 =:[[   Shoals:2 *   Vaults:1 [   Vaults:2 *   Vaults:3 (
Vaults:4 (:%

Annotations:
Shoals:1 Kaerusk's ghost, adept KoBe
Vaults:5 Mara


Innate Abilities, Weirdness & Mutations

You reflexively headbutt those who attack you in melee.
You have a pair of horns on your head.
Your mind is acute. (Int +2)
You passively map a small area around you.
You are robust. (+10% HP)


Message History

The ettin looks petrified.
The ettin begs for mercy.
The hell rat bites you but does no damage.
You block the hell rat's attack.
The deep elf archer blinks!
The deep elf mage gestures wildly while chanting.
The deep elf mage blinks!
You block the titan's attack.
Unknown command.
You carve the hell rat like a ham!!!
You kill the hell rat!
The hell rat's corpse disappears in a puff of smoke!
The deep elf mage gestures at you while chanting.
The bolt of lightning hits you! You resist.
* * * LOW HITPOINT WARNING * * *
The bolt of lightning hits the hell rat!!
The hell rat dies!
The hell rat's corpse disappears in a puff of smoke!
The deep elf archer blinks!
The deep elf mage casts a spell.
The deep elf mage blinks!
The titan hits you!!
You die...

, #....# #....# * ,,
,#....# , , , , , #....# ,
* , #....#, , , * #[...#,,
##....#()§.#...... ,
#.....#§4C.#...#.# ,
*#.(...#§@§.#...D., *
....#[§..#...#, *
....We.ee...... , *
######p..De.s.##### * , ,,
..W......<<........ , ,,
......D)§..<..e.C.. ,
.....§)()<<.....s.. ,
,.......p.C.........
#############....c...#####


You could see 2 shadow dragons, a titan, 2 vault guards, a deep elf annihilator,
2 ettins, a deep elf archer (fleeing), a deep elf knight (invisible), an ice
devil, 2 deep elf magi and 2 tarantellas.

Vanquished Creatures
  2 ancient liches (Vaults:5)
  Frederick (Vaults:3)
  Saint Roka (Vaults:2)
  2 golden dragons (Vaults:5)
  Jory (Vaults:3)
  The ghost of
  1994 the Slayer, an adept OgAM of Trog (Elf:2)
  Arachne (Spider:2)
  2 titans (Vaults:5)
  5 deep elf blademasters
  Asterion (Vaults:3)
  A deep elf master archer (Elf:3)
  5 sphinxes
  A shadow dragon (Vaults:5)
  Agnes (Spider:3)
  A storm dragon (Elf:1)
  Kirke (Lair:2)
  Roxanne (Spider:1)
  A revenant (Vaults:2)
  The ghost of Honosyedgha the Warrior, an adept GrBe of Trog (Spider:1)
  2 tengu reavers (Vaults:5)
  Donald (Vaults:3)
  A fire giant (Vaults:4)
  Ilsuiw (Shoals:3)
  An orc warlord (Elf:1)
  An iron dragon (Elf:1)
  A frost giant (Vaults:3)
  4 deep elf elementalists
  4 ghost moths
  16 vault wardens
  11 deep elf sorcerers
  11 emperor scorpions
  Aizul (Spider:2)
  17 ironheart preservers
  2 war gargoyles (Vaults:5)
  6 entropy weavers
  2 stone giants (Vaults:4)
  The ghost of Loxlax the Unseen, a journeyman SpEn of Kikubaaqudgha (Lair:4)
  3 very ugly things
  10 deep elf demonologists
  6 deep elf annihilators
  A minotaur (Gauntlet)
  3 spark wasps
  Azrael (Lair:2)
  3 ettins
  14 merfolk impalers
  13 deep elf death magi
  5 merfolk javelineers
  Snorg (D:11)
  6 fire dragons
  8 yaktaur captains
  6 deep elf high priests
  The ghost of mrkaede the Unseen, a journeyman FeBe of Trog (Lair:5)
  2 great orbs of eyes (Vaults:3)
  A jiangshi (Vaults:2)
  8 hydras
  4 ice dragons
  30 vault guards
  Harold (D:7)
  A rakshasa (Vaults:2)
  3 alligator snapping turtles (Shoals:3)
  4 merfolk avatars
  5 death knights
  28 dancing weapons
  7 merfolk aquamancers
  An alligator (Lair:6)
  7 death yaks
  5 centaur warriors
  2 satyrs
  A vampire mage (Vaults:2)
  46 two-headed ogres
  4 deep troll earth magi
  15 ogre magi
  An orc high priest (Elf:1)
  2 thrashing horrors (Abyss:1)
  23 deep elf knights
  Sonja (Lair:3)
  A shadow wraith (Vaults:4)
  A fire crab (Lair:6)
  2 skeletal warriors
  2 fire crabs (shapeshifter)
  2 glowing orange brains
  6 wizards
  15 sea snakes
  14 deep trolls
  2 unseen horrors
  3 large abominations
  A kraken simulacrum (Shoals:4)
  A flayed ghost (Vaults:4)
  16 ironbrand convokers
  12 orc knights
  3 phantasmal warriors
  22 deep elf archers
  22 orb spiders
  23 harpies
  2 orb spiders (shapeshifter) (Vaults:3)
  72 deep elf magi
  4 wolf spider zombies
  3 necromancers
  13 orc sorcerers
  4 fauns
  A tengu skeleton (Vaults:4)
  An oklob plant (Gauntlet)
  8 cyclopes
  18 manticores
  A fire giant zombie (Vaults:4)
  17 ugly things
  4 moths of wrath
  A salamander (shapeshifter) (Vaults:5)
  7 black mambas
  10 merfolk sirens
  33 wolf spiders
  Maurice (Orc:1)
  A frost giant skeleton (Vaults:4)
  9 elephants
  2 centaur zombies
  2 ice statues (IceCv)
  A naga mage (D:15)
  Psyche (D:8)
  14 vault sentinels
  6 water nymphs
  7 centaur skeletons
  2 torpor snails (Spider:3)
  A gargoyle (D:14)
  A storm dragon simulacrum (Vaults:1)
  3 molten gargoyles (Lair:6)
  A spiny frog (shapeshifter) (Vaults:3)
  15 spiny frogs
  3 rime drakes
  A yaktaur (shapeshifter) (Elf:3)
  19 yaktaurs
  8 komodo dragons
  An efreet (D:15)
  5 freezing wraiths
  11 ice devils (IceCv)
  11 demonic crawlers
  7 trolls
  A meliai (shapeshifter) (D:12)
  A merfolk (shapeshifter) (Vaults:5)
  2 queen bees (shapeshifter)
  A troll (shapeshifter) (Vaults:1)
  3 meliai (Gauntlet)
  Prince Ribbit (D:6)
  39 jumping spiders
  43 merfolk
  3 wind drakes
  A polar bear (shapeshifter) (Elf:2)
  A wind drake (shapeshifter) (Vaults:1)
  A queen bee (Lair:2)
  Grinder (D:6)
  A polar bear (Lair:6)
  A harpy skeleton (D:13)
  18 hornets
  16 blink frogs
  7 slime creatures
  6 snapping turtles
  13 dream sheep
  2 meliai zombies
  A frost giant simulacrum (Vaults:4)
  A dream sheep (shapeshifter) (Vaults:3)
  Sigmund (D:6)
  14 hippogriffs
  An air elemental (Elf:2)
  98 redbacks
  8 spriggans (Lair:5)
  5 wraiths
  37 yaks
  37 tarantellas
  A basilisk (shapeshifter) (Vaults:1)
  7 water elementals
  3 hogs
  8 wyverns
  4 hungry ghosts
  A human (shapeshifter) (Vaults:1)
  5 fire elementals
  A golden eye (shapeshifter) (Elf:3)
  9 basilisks
  4 steam dragons
  A yaktaur simulacrum (Vaults:4)
  6 vampire mosquitoes
  Edmund (D:6)
  Menkaure (D:6)
  A naga (shapeshifter) (Vaults:2)
  11 wargs
  3 acid dragons
  9 hell hounds
  11 water moccasins
  15 porcupines
  39 orc warriors
  3 small abominations
  3 black bears
  5 sky beasts
  6 ice beasts
  47 ogres
  11 boggarts
  4 necrophages
  12 centaurs
  12 crocodiles
  7 wolves
  Blork the orc (D:6)
  5 big kobolds
  21 bullfrogs
  4 earth elementals (Spider:4)
  A wyvern skeleton (D:11)
  4 scorpions
  31 killer bees
  6 wights
  7 howler monkeys
  2 electric eels
  9 crimson imps
  5 lava snakes (Lair:6)
  8 hounds
  A quasit (D:12)
  A wyvern simulacrum (D:15)
  3 jellies
  3 bullfrog skeletons
  50 orc wizards
  22 orc priests
  4 iguanas
  3 troll simulacra (IceCv)
  14 worker ants
  A spriggan simulacrum (IceCv)
  A killer bee zombie (D:7)
  4 centaur simulacra (IceCv)
  2 howler monkey zombies
  A worker ant zombie (D:7)
  4 gnolls
  10 adders
  2 ogre simulacra (IceCv)
  4 river rats (Sewer)
  2 shadow imps
  5 oozes
  2 adder zombies
  2 adder skeletons
  4 worms
  3 dart slugs (D:2)
  8 leopard geckos
  105 orcs
  8 giant cockroaches
  8 goblins
  10 hobgoblins
  14 jackals
  24 kobolds
  7 quokkas
  8 ball pythons
  12 bats
  3 frilled lizards
  2 jackal zombies
  A leopard gecko skeleton (D:6)
  32 rats
  4 crawling corpses (Elf:3)
  9 plants
  A tentacle (Shoals:4)
2000 creatures vanquished.

Vanquished Creatures (others)
  2 deep elf master archers
  A vault warden (Vaults:5)
  2 ironheart preservers (Vaults:4)
  A yaktaur captain (Vaults:5)
  A deep elf knight (Elf:2)
  A shadow wraith (Vaults:5)
  An unseen horror (shapeshifter) (Vaults:3)
  A harpy (Shoals:1)
  3 deep elf archers
  2 deep elf magi
  A manticore (Shoals:1)
  A necromancer (Vaults:4)
  2 cyclopes
  9 yaktaurs
  A merfolk (Shoals:1)
  A jumping spider (Spider:1)
  A tarantella (Spider:1)
  A wyvern (Lair:6)
  3 ogres
  4 centaurs
  4 orc wizards
  5 orcs
  13 fungi
  24 plants
  7 tentacles (Shoals:4)
92 creatures vanquished.

Grand Total: 2092 creatures vanquished

Notes
Turn   | Place    | Note
-------+----------+-------------------------------------------
     0 | D:1      | Peloso the Minotaur Fighter began the quest for the Orb.
     0 | D:1      | Reached XP level 1. HP: 19/19 MP: 0/0
   277 | D:1      | Reached XP level 2. HP: 27/27 MP: 1/1
   781 | D:2      | Reached skill level 4 in Shields
   807 | D:2      | Reached XP level 3. HP: 23/33 MP: 2/2
   976 | D:1      | Reached XP level 4. HP: 12/40 MP: 3/3
  1202 | D:2      | Reached skill level 1 in Dodging
  2280 | D:3      | Reached XP level 5. HP: 43/47 MP: 4/4
  2367 | D:3      | Found a sacrificial altar of Ru.
  2394 | D:3      | Found a sparkling altar of Nemelex Xobeh.
  2465 | D:3      | Found a glowing drain.
  2484 | Sewer    | Entered a sewer
  2752 | Sewer    | Reached XP level 6. HP: 26/53 MP: 5/5
  2826 | Sewer    | Reached skill level 5 in Shields
  2849 | Sewer    | Reached skill level 5 in Long Blades
  2849 | Sewer    | Reached skill level 5 in Armour
  3455 | D:3      | Found an opulent altar of Gozag.
  3634 | D:4      | Reached XP level 7. HP: 34/60 MP: 6/6
  3906 | D:4      | Reached skill level 5 in Fighting
  4105 | D:5      | Entered Level 5 of the Dungeon
  4207 | D:5      | Found a staircase to the Ecumenical Temple.
  4213 | Temple   | Entered the Ecumenical Temple
  4223 | Temple   | Became a worshipper of Warmaster Okawaru
  4558 | D:5      | Reached skill level 6 in Shields
  4564 | D:5      | Found a bloodstained altar of Trog.
  4575 | D:5      | Found an ornate altar of the Wu Jian Council.
  4697 | D:5      | Found a shimmering altar of Xom.
  4915 | D:6      | Found Kueplypp's General Store.
  4934 | D:6      | Bought a cursed ring of teleportation for 63 gold pieces
  4934 | D:6      | Bought 3 scrolls of teleportation for 126 gold pieces
  4934 | D:6      | Bought a scroll of identify for 28 gold pieces
  4950 | D:6      | Noticed Grinder
  4966 | D:6      | Reached * piety under Okawaru
  4966 | D:6      | Reached XP level 8. HP: 56/69 MP: 7/7
  4969 | D:6      | Killed Grinder
  5068 | D:6      | Noticed Menkaure
  5078 | D:6      | Killed Menkaure
  5151 | D:6      | Reached ** piety under Okawaru
  5269 | D:6      | Noticed Prince Ribbit
  5279 | D:6      | Killed Prince Ribbit
  5279 | D:6      | Reached XP level 9. HP: 40/78 MP: 8/8
  5487 | D:6      | Noticed Blork the orc
  5492 | D:6      | Reached skill level 7 in Shields
  5501 | D:6      | Killed Blork the orc
  5824 | D:6      | Noticed Sigmund
  5830 | D:6      | Killed Sigmund
  5851 | D:6      | Noticed Edmund
  5859 | D:6      | Killed Edmund
  5966 | D:6      | Found a stormy altar of Qazlal.
  6112 | D:7      | Reached skill level 10 in Long Blades
  6121 | D:7      | Reached *** piety under Okawaru
  6317 | D:7      | Got a dazzling dagger
  6318 | D:7      | Identified the cursed +0 dagger of Cowardice {drain, +Fly
                  | Int-2 Stlth+} (You found it on level 7 of the Dungeon)
  6769 | D:8      | Noticed Psyche
  6797 | D:8      | Cast into level 1 of the Abyss (Psyche)
  6805 | Abyss:1  | Got a crystal rapier
  6840 | Abyss:1  | Found a blossoming altar of Fedhas.
  6856 | Abyss:1  | Noticed a large abomination
  6879 | Abyss:1  | Killed a large abomination
  6879 | Abyss:1  | Reached skill level 8 in Shields
  6879 | Abyss:1  | Reached XP level 10. HP: 41/86 MP: 7/9
  6913 | Abyss:1  | Noticed a thrashing horror
  6915 | Abyss:1  | Noticed a thrashing horror
  6933 | Abyss:1  | Killed a thrashing horror
  6933 | Abyss:1  | Reached **** piety under Okawaru
  6947 | Abyss:1  | Killed a thrashing horror
  6949 | D:8      | Escaped the Abyss
  6959 | D:8      | Killed Psyche
  6959 | D:8      | Reached ***** piety under Okawaru
  6959 | D:8      | Reached skill level 9 in Shields
  6960 | D:8      | Identified the +4 rapier of Cuareuc {pierce, +Rage rF+}
                  | (You found it on level 1 of the Abyss)
  7010 | D:8      | Noticed Harold
  7226 | D:7      | Reached skill level 1 in Stealth
  7234 | D:7      | Killed Harold
  7292 | D:8      | Noticed a two-headed hydra
  7321 | D:7      | Reached skill level 10 in Shields
  7384 | D:8      | Killed a one-headed hydra
  7384 | D:8      | Reached skill level 10 in Armour
  7384 | D:8      | Reached XP level 11. HP: 87/95 MP: 10/10
  7619 | D:7      | Found an ancient bone altar of Kikubaaqudgha.
  7973 | D:8      | Found a white marble altar of Elyvilon.
  8178 | D:9      | Noticed a death yak
  8211 | D:9      | Killed a death yak
  8235 | D:9      | HP: 2/95 [elephant (10)]
  8863 | D:9      | Found a staircase to the Lair.
  8957 | D:9      | Reached skill level 11 in Shields
  8965 | D:9      | Received a gift from Okawaru
  8966 | D:9      | Noticed a two-headed ogre
  8978 | D:9      | Killed a two-headed ogre
  8978 | D:9      | Reached skill level 1 in Invocations
  9088 | D:9      | Received a gift from Okawaru
  9096 | D:9      | Found a sparkling altar of Nemelex Xobeh.
  9178 | D:9      | Reached skill level 5 in Dodging
  9499 | D:10     | Entered Level 10 of the Dungeon
  9818 | D:10     | Found a sacrificial altar of Ru.
 10459 | D:11     | Noticed a centaur warrior
 10465 | D:11     | Killed a centaur warrior
 10465 | D:11     | Received a gift from Okawaru
 10465 | D:11     | Reached skill level 12 in Shields
 10475 | D:11     | Got a dazzling crystal plate armour {god gift}
 10485 | D:11     | Found a gate leading to a gauntlet.
 10519 | D:11     | Noticed a cyan ugly thing
 10525 | Gauntlet | Entered a Gauntlet
 10525 | Gauntlet | Found a transporter.
 10539 | Gauntlet | Identified the +8 crystal plate armour "Caedam" {*Slow
                  | rPois rC+++ SInv} (Okawaru gifted it to you on level 11 of
                  | the Dungeon)
 10549 | Gauntlet | Noticed an oklob plant
 10550 | Gauntlet | Found a transporter.
 10552 | Gauntlet | Found a transporter.
 10554 | Gauntlet | Found a transporter.
 10556 | Gauntlet | Found a large runed translucent door.
 10556 | Gauntlet | Found a large runed translucent door.
 10557 | Gauntlet | Found a large runed translucent door.
 10557 | Gauntlet | Found a large runed translucent door.
 10583 | Gauntlet | Found a transporter.
 10585 | Gauntlet | Found a transporter.
 10604 | Gauntlet | Found a transporter.
 10614 | Gauntlet | Found a transporter.
 10615 | Gauntlet | Noticed a soul eater
 10622 | Gauntlet | Found a transporter.
 10638 | Gauntlet | Found a transporter.
 10649 | Gauntlet | Noticed a thrashing horror
 10657 | Gauntlet | Found a transporter.
 10688 | Gauntlet | Found a transporter.
 10716 | Gauntlet | Found a large runed translucent door.
 10717 | Gauntlet | Found a large runed translucent door.
 10718 | Gauntlet | Found a large runed translucent door.
 10718 | Gauntlet | Found a large runed translucent door.
 10718 | Gauntlet | Noticed a thrashing horror
 10719 | Gauntlet | Found a runed translucent gate.
 10720 | Gauntlet | Found a transporter.
 10720 | Gauntlet | Found a runed translucent gate.
 10721 | Gauntlet | Found a runed translucent gate.
 10722 | Gauntlet | Found a large runed translucent door.
 10722 | Gauntlet | Found a large runed translucent door.
 10722 | Gauntlet | Found a runed translucent door.
 10722 | Gauntlet | Found a runed translucent door.
 10741 | Gauntlet | Found a large runed translucent door.
 10741 | Gauntlet | Found a large runed translucent door.
 10742 | Gauntlet | Found a large runed translucent door.
 10743 | Gauntlet | Found a large runed translucent door.
 10751 | Gauntlet | Found a transporter.
 10753 | Gauntlet | Found a large runed translucent door.
 10753 | Gauntlet | Found a large runed translucent door.
 10757 | Gauntlet | Found a transporter.
 10783 | Gauntlet | Found a transporter.
 10783 | Gauntlet | Noticed a green death
 10788 | Gauntlet | Found a transporter.
 10839 | Gauntlet | Found a transporter.
 11116 | Gauntlet | Killed an oklob plant
 11116 | Gauntlet | Reached XP level 12. HP: 36/105 MP: 8/11
 11451 | Gauntlet | Got a wavering silver ring
 11453 | Gauntlet | Identified the ring "Ageiblokh" {MP+9 Int+3} (You found it
                  | in a Gauntlet)
 12181 | Gauntlet | Identified the +11 whip "Giantslayer" {slash, rElec Int+4}
 12181 | Gauntlet | Noticed a minotaur
 12207 | Gauntlet | Killed a minotaur
 12234 | Gauntlet | Got a smoking mace
 12299 | D:11     | Identified the +5 mace of Law {vamp, rPois rF+ MR- MP+9}
                  | (You found it in a Gauntlet)
 12338 | D:11     | Reached skill level 13 in Shields
 12344 | D:11     | Reached skill level 10 in Fighting
 12471 | D:11     | Noticed Snorg
 12482 | D:11     | Killed Snorg
 12700 | D:11     | Found a blossoming altar of Fedhas.
 12852 | Lair:1   | Entered Level 1 of the Lair of Beasts
 12967 | Lair:1   | Noticed a five-headed hydra
 12976 | Lair:1   | Killed a one-headed hydra
 13152 | Lair:1   | Found a sparkling altar of Nemelex Xobeh.
 13771 | Lair:2   | Found a hole to the Spider Nest.
 14460 | Lair:2   | Reached skill level 14 in Shields
 14802 | Lair:2   | Reached XP level 13. HP: 112/114 MP: 13/13
 14829 | Lair:2   | Reached ****** piety under Okawaru
 15245 | Lair:3   | Received a gift from Okawaru
 15473 | Lair:3   | Found a staircase to the Shoals.
 15483 | Lair:3   | Reached skill level 15 in Shields
 15587 | Lair:3   | Noticed Sonja
 15599 | Lair:3   | Killed Sonja
 16225 | D:12     | Found a staircase to the Orcish Mines.
 16233 | D:12     | Found a frozen archway.
 16306 | IceCv    | Entered an ice cave
 16380 | IceCv    | Reached skill level 1 in Evocations
 16576 | IceCv    | Got scorched steam dragon scales
 16842 | IceCv    | Reached skill level 16 in Shields
 16857 | IceCv    | Identified the cursed +1 steam dragon scales of the Hippo
                  | {rC- rN+++ Int+7} (You found it in an ice cave)
 16943 | IceCv    | Received a gift from Okawaru
 18089 | D:12     | Identified a scroll of acquirement
 18316 | D:13     | Reached XP level 14. HP: 125/125 MP: 14/14
 18337 | D:13     | Found a gate to the Vaults.
 18589 | D:13     | Found a roughly hewn altar of Beogh.
 19310 | D:13     | Reached skill level 17 in Shields
 19371 | D:13     | Found the +9 heavy crossbow "Sniper" {velocity, Acc+∞ SInv}
 19551 | D:13     | Received a gift from Okawaru
 20128 | Orc:1    | Entered Level 1 of the Orcish Mines
 20179 | Orc:1    | Noticed Maurice
 20196 | Orc:1    | Killed Maurice
 20196 | Orc:1    | Reached skill level 15 in Long Blades
 20402 | Orc:2    | Entered Level 2 of the Orcish Mines
 20758 | Orc:2    | Found a staircase to the Elven Halls.
 20889 | Orc:2    | Received a gift from Okawaru
 20921 | Orc:2    | Paralysed by an orc sorcerer for 2 turns
 20934 | Orc:2    | Received a gift from Okawaru
 20938 | Orc:2    | Found Gunatets's Armour Emporium.
 20938 | Orc:2    | Found Dioll's Armour Shop.
 21290 | Orc:2    | Found a roughly hewn altar of Beogh.
 21309 | Orc:2    | Found Wubo's Jewellery Emporium.
 21309 | Orc:2    | Found Bierghagg's Book Shop.
 21341 | Orc:2    | Reached skill level 18 in Shields
 21425 | Orc:2    | Bought the amulet of Tempters {Reflect *Slow MR+ Str+6 SH+3
                  | SInv} for 553 gold pieces
 21679 | Orc:2    | Found a bloodstained altar of Trog.
 22286 | Lair:4   | Found a large runed translucent door.
 22286 | Lair:4   | Found a large runed translucent door.
 22290 | Lair:4   | Noticed Loxlax's ghost (journeyman SpEn)
 23388 | Lair:5   | Found a bloodstained altar of Trog.
 23389 | Lair:5   | Identified the +8 demon trident "Adghuarru" {antimagic,
                  | *Corrode rPois rC+++ Str+4}
 23396 | Lair:5   | Noticed mrkaede's ghost (journeyman FeBe)
 23439 | Lair:5   | Reached XP level 15. HP: 134/134 MP: 15/15
 23449 | Lair:5   | Identified the +5 trident of Diptat {vamp, Dex+6}
 23611 | Lair:5   | Found a transporter.
 23614 | Lair:5   | Found a transporter.
 24537 | Lair:6   | Entered Level 6 of the Lair of Beasts
 24648 | Lair:6   | Received a gift from Okawaru
 24974 | Lair:6   | Reached skill level 19 in Shields
 25320 | Lair:6   | Found a staircase to the Slime Pits.
 25321 | Lair:6   | Found a viscous altar of Jiyva.
 25752 | Lair:6   | Found a large runed translucent door.
 25752 | Lair:6   | Found a large runed translucent door.
 26802 | Lair:6   | Got a crude spear
 26942 | Lair:5   | Killed mrkaede's ghost
 27099 | Lair:4   | Killed Loxlax's ghost
 27222 | Lair:1   | Identified the cursed +0 spear of Taxation {pierce, rN++
                  | Str+4} (You found it on level 6 of the Lair of Beasts)
 27404 | D:15     | Entered Level 15 of the Dungeon
 28113 | D:15     | Received a gift from Okawaru
 28116 | D:15     | Got a smoking scale mail {god gift}
 28168 | D:15     | Reached skill level 20 in Shields
 28188 | D:15     | Found a shimmering blue altar of Sif Muna.
 28352 | D:15     | Found a staircase to the Depths.
 28430 | D:13     | Identified the +5 scale mail of Mysticism {rElec rPois
                  | Str-4 Slay+3} (Okawaru gifted it to you on level 15 of the
                  | Dungeon)
 28577 | Spider:1 | Entered Level 1 of the Spider Nest
 28624 | Spider:1 | Noticed Azrael
 28828 | Lair:2   | Killed Azrael
 28962 | Spider:1 | Reached XP level 16. HP: 145/145 MP: 16/16
 28985 | Spider:1 | Noticed Kirke
 29011 | Lair:2   | Killed Kirke
 29781 | Spider:1 | Received a gift from Okawaru
 29782 | Spider:1 | Found the +8 autumn katana {slice, Clar}
 29871 | Spider:1 | Found a runed translucent door.
 29872 | Spider:1 | Noticed Honosyedgha's ghost (adept GrBe)
 29876 | Spider:1 | Identified Roxanne's Volume of Earth
 29876 | Spider:1 | Noticed Roxanne
 29888 | Spider:1 | Killed Roxanne
 30069 | Spider:1 | Killed Honosyedgha's ghost
 30074 | Spider:1 | Got a warped dagger
 30696 | Spider:2 | Reached skill level 15 in Armour
 31230 | Spider:2 | Noticed Arachne
 31254 | Spider:2 | Killed Arachne
 31254 | Spider:2 | Received a gift from Okawaru
 31254 | Spider:2 | Reached skill level 21 in Shields
 31806 | Spider:2 | Noticed Aizul
 31813 | Spider:2 | Killed Aizul
 32562 | Shoals:1 | Entered Level 1 of the Shoals
 32889 | Shoals:1 | Received a gift from Okawaru
 32892 | Shoals:1 | Got a jewelled plate armour {god gift}
 32926 | Shoals:1 | Cast into level 2 of the Abyss (merfolk)
 32933 | Abyss:2  | Found a corrupted altar of Lugonu.
 32971 | Shoals:1 | Escaped the Abyss
 33070 | Shoals:1 | Identified the +7 plate armour of Okawaru {rPois Regen+
                  | Dex+2} (Okawaru gifted it to you on level 1 of the Shoals)
 33127 | Shoals:1 | Found a runed translucent gate.
 33127 | Shoals:1 | Found a runed translucent gate.
 33616 | Shoals:1 | Found a runed translucent gate.
 33617 | Shoals:1 | Noticed Kaerusk's ghost (adept KoBe)
 33625 | Shoals:1 | Gained mutation: You are dopey. (Int -2) [the power of Zot]
 33625 | Shoals:1 | Gained mutation: You are very dopey. (Int -4) [the power of
                  | Zot]
 33626 | Shoals:1 | Lost mutation: You are very dopey. (Int -4) [the power of
                  | Zot]
 33650 | Shoals:1 | Reached XP level 17. HP: 41/154 MP: 18/18
 33940 | Shoals:1 | Got a pair of encrusted boots
 33951 | Shoals:1 | Identified the +2 pair of boots "Qosaemuck" {*Slow rF+++
                  | Str+2 Stlth-} (You found it on level 1 of the Shoals)
 34051 | Shoals:2 | Found Fuosop's General Store.
 34216 | Lair:1   | Identified the cursed +1 dagger "Minotaur's Death" {flame,
                  | *Contam +Fly rF+ Dex+7} (You found it on level 1 of the
                  | Spider Nest)
 34282 | Lair:1   | Gained mutation: Your spells are a little easier to cast,
                  | but a little less powerful. [mutagenic glow]
 34317 | Lair:1   | Lost mutation: You are dopey. (Int -2) [potion of mutation]
 34317 | Lair:1   | Lost mutation: Your spells are a little easier to cast, but
                  | a little less powerful. [potion of mutation]
 34317 | Lair:1   | Gained mutation: You are frail. (-10% HP) [potion of
                  | mutation]
 34317 | Lair:1   | Gained mutation: Your muscles are strong. (Str +2) [potion
                  | of mutation]
 34317 | Lair:1   | Gained mutation: You passively map a small area around you.
                  | [potion of mutation]
 34318 | Lair:1   | Lost mutation: You are frail. (-10% HP) [potion of
                  | mutation]
 34318 | Lair:1   | Lost mutation: Your muscles are strong. (Str +2) [potion of
                  | mutation]
 34318 | Lair:1   | Gained mutation: You are robust. (+10% HP) [potion of
                  | mutation]
 34318 | Lair:1   | Gained mutation: Your spells are a little easier to cast,
                  | but a little less powerful. [potion of mutation]
 34318 | Lair:1   | Gained mutation: Your mind is acute. (Int +2) [potion of
                  | mutation]
 34579 | Shoals:2 | Reached skill level 22 in Shields
 34610 | Shoals:2 | Reached skill level 15 in Fighting
 34620 | Shoals:2 | You are sucked into a shaft and drop 1 floor!
 34642 | Shoals:3 | HP: 1/171 [alligator snapping turtle (20)]
 34644 | Shoals:3 | Noticed Ilsuiw
 34669 | Shoals:3 | Killed Ilsuiw
 35048 | Shoals:3 | Received a gift from Okawaru
 35077 | Shoals:3 | Got a bone scimitar {god gift}
 35080 | Shoals:3 | Identified the +8 scimitar of the Eleven Lies {antimagic,
                  | rC+ MR++ SInv} (Okawaru gifted it to you on level 3 of the
                  | Shoals)
 36597 | Shoals:4 | Entered Level 4 of the Shoals
 37591 | Shoals:4 | Received a gift from Okawaru
 37619 | Shoals:4 | Reached skill level 23 in Shields
 37802 | Shoals:4 | Got a barnacled rune of Zot
 38101 | Shoals:4 | Got a pitted halberd
 38102 | Shoals:4 | Identified the +11 halberd "Wiant" {chop, -Tele Int+4
                  | Stlth+} (You found it on level 4 of the Shoals)
 38318 | Shoals:4 | Received a gift from Okawaru
 38331 | Shoals:4 | Got a pair of bloodstained boots {god gift}
 38366 | Shoals:4 | Identified the +2 pair of boots of Oroo {rElec Str+3}
                  | (Okawaru gifted it to you on level 4 of the Shoals)
 38389 | Shoals:4 | Reached XP level 18. HP: 182/182 MP: 19/19
 38417 | Shoals:4 | Got a vibrating bronze ring
 38418 | Shoals:4 | Identified the ring "Unefur" {rElec rF+ Int+5} (You found
                  | it on level 4 of the Shoals)
 39744 | Spider:3 | Noticed Agnes
 39750 | Spider:3 | Killed Agnes
 40123 | Spider:4 | Entered Level 4 of the Spider Nest
 40381 | Spider:4 | Reached skill level 24 in Shields
 40780 | Spider:4 | Received a gift from Okawaru
 41016 | Spider:4 | Got a gossamer rune of Zot
 41446 | Elf:1    | Entered Level 1 of the Elven Halls
 41753 | Elf:1    | Reached XP level 19. HP: 190/191 MP: 20/20
 41823 | Elf:1    | Noticed a Brimstone Fiend
 42412 | Elf:1    | Found a roughly hewn altar of Beogh.
 42436 | Elf:1    | Received a gift from Okawaru
 42511 | Elf:1    | Got a transparent long sword {god gift}
 42512 | Elf:1    | Identified the +7 long sword of the Viper {chaos, rPois}
                  | (Okawaru gifted it to you on level 1 of the Elven Halls)
 42849 | Elf:1    | Found a runed translucent gate.
 42849 | Elf:1    | Found a runed translucent gate.
 42849 | Elf:1    | Found a runed translucent gate.
 42849 | Elf:1    | Found a runed translucent gate.
 42849 | Elf:1    | Found a runed translucent gate.
 42868 | Elf:1    | Found a runed translucent gate.
 43049 | Elf:2    | Reached skill level 25 in Shields
 43064 | Elf:2    | Identified the +10 rapier of Trog's Benevolence {elec, rF+
                  | Str+2 Int-3 Dex+4}
 43064 | Elf:2    | Identified the +2 quick blade of Capital Punishment {venom,
                  | rN++}
 43064 | Elf:2    | Identified the +7 rapier "Toyputank" {speed, rC+ Str+2}
 43064 | Elf:2    | Identified the +10 rapier of Doom {vamp, +Fly rPois MR+
                  | MP-9}
 43066 | Elf:2    | Identified the cursed +1 longbow of Objectivity {venom,
                  | rPois rC+ Str+3}
 43066 | Elf:2    | Noticed 1994's ghost (adept OgAM)
 43079 | Elf:2    | Found a transporter.
 43081 | Elf:2    | Found a transporter.
 43101 | Elf:2    | Found a runed translucent gate.
 43102 | Elf:2    | Found a runed translucent gate.
 43103 | Elf:2    | Found a runed translucent gate.
 43328 | Elf:2    | Received a gift from Okawaru
 43353 | Elf:2    | Got a scorched shield
 43359 | Elf:2    | Identified the cursed +0 shield of the Cooper {Int+2} (You
                  | found it on level 2 of the Elven Halls)
 43377 | Elf:2    | Got a brightly glowing demon blade {god gift}
 43378 | Elf:2    | Identified the +6 demon blade of Rirph {venom, rPois rN+}
                  | (Okawaru gifted it to you on level 2 of the Elven Halls)
 43592 | Elf:2    | Found a bloodstained altar of Trog.
 44385 | Elf:3    | Entered Level 3 of the Elven Halls
 45292 | Elf:3    | Lost mutation: Your spells are a little easier to cast, but
                  | a little less powerful. [a cacodemon]
 45343 | Elf:3    | Received a gift from Okawaru
 45444 | Elf:3    | Identified the ring "Kioguic" {rF+ rN+ Stlth+}
 45446 | Elf:3    | Noticed a Brimstone Fiend
 45672 | Elf:3    | Reached XP level 20. HP: 180/205 MP: 21/21
 45739 | Elf:3    | Identified the ring "Besun" {rF++ rN+++ AC+2 Str-4 Slay+6}
 45877 | Elf:3    | Identified the Tome of the Mountains and the Frostbite
 45889 | Elf:3    | Identified the Papyrus of Earthen Fire
 46715 | Elf:3    | Identified the Volume of Heat and Execration
 46742 | Elf:3    | Got a pair of slimy boots
 46753 | Elf:3    | Identified the cursed +0 pair of boots of Calculation
                  | {rPois rF- rCorr Int+4} (You found it on level 3 of the
                  | Elven Halls)
 46796 | Elf:3    | Got a heavily runed bone amulet
 46797 | Elf:3    | Identified the amulet of Yschid {RegenMP rF- rC+ Dex+6}
                  | (You found it on level 3 of the Elven Halls)
 47037 | Elf:2    | Killed 1994's ghost
 47043 | Elf:2    | Got an ancient cloak
 47054 | Elf:2    | Identified the +2 cloak of Ontu {rC+} (You found it on
                  | level 2 of the Elven Halls)
 47156 | Elf:2    | Received a gift from Okawaru
 48025 | Vaults:1 | Entered Level 1 of the Vaults
 48255 | Vaults:1 | Reached skill level 26 in Shields
 48537 | Vaults:1 | Found Secvuz's Antique Armour Emporium.
 48569 | Vaults:1 | Bought a faintly humming chain mail for 294 gold pieces
 48582 | Vaults:1 | Identified the cursed +1 chain mail of Ahuatrig {rElec rF+
                  | rC++ Str-2 Dex+4} (You bought it in a shop on level 1 of
                  | the Vaults)
 49665 | Vaults:2 | Reached XP level 21. HP: 209/217 MP: 22/22
 49825 | Vaults:2 | Found Vuap Hiaxku's Assorted Antiques.
 49863 | Vaults:2 | Received a gift from Okawaru
 50123 | Vaults:2 | Found a staircase to the Crypt.
 50198 | Vaults:2 | Noticed Saint Roka
 50219 | Vaults:2 | Killed Saint Roka
 50447 | Vaults:2 | Reached skill level 27 in Shields
 51187 | Vaults:3 | Noticed Frederick
 51187 | Vaults:3 | Noticed Donald
 51204 | Vaults:3 | Killed Frederick
 51205 | Vaults:3 | Killed Donald
 51210 | Vaults:3 | Received a gift from Okawaru
 51231 | Vaults:3 | Noticed Asterion
 51241 | Vaults:3 | Killed Asterion
 51250 | Vaults:3 | Noticed Jory
 51273 | Vaults:3 | Killed Jory
 52031 | Vaults:3 | Paralysed by a wizard for 7 turns
 52212 | Vaults:3 | Reached XP level 22. HP: 148/232 MP: 23/23
 52551 | Vaults:3 | You are sucked into a shaft and drop 1 floor!
 52660 | Vaults:4 | Received a gift from Okawaru
 52829 | Vaults:3 | Found Vuof's Weapon Shoppe.
 53105 | Vaults:4 | Found Took's Book Shop.
 53198 | Vaults:4 | Found Joudiet's Weapon Shop.
 54308 | Vaults:4 | Found Vorupn's Food Boutique.
 54402 | Vaults:5 | Entered Level 5 of the Vaults
 54438 | Vaults:5 | Noticed an ancient lich
 54447 | Vaults:5 | Received a gift from Okawaru
 54465 | Vaults:5 | Killed an ancient lich
 54485 | Vaults:5 | Noticed a golden dragon
 54486 | Vaults:5 | Noticed a golden dragon
 54888 | Vaults:5 | Reached XP level 23. HP: 194/244 MP: 24/24
 54954 | Vaults:5 | Got a silver rune of Zot
 54958 | Vaults:5 | Got a glittering wooden ring
 54981 | Vaults:5 | Identified the ring "Meetukot" {rCorr Slay+3 SInv} (You
                  | found it on level 5 of the Vaults)
 55655 | Vaults:5 | Identified the ring "Seetuo" {rPois MR- rCorr MP+9 Str+9}
 55700 | Vaults:5 | Identified the ring "Neteakk" {Wiz Str+3 Int+4 Dex-3}
 55702 | Vaults:5 | Noticed Mara
 55705 | Vaults:5 | Noticed Peloso's illusion
 55705 | Vaults:5 | Received a gift from Okawaru
 55706 | Vaults:5 | Noticed an ancient lich
 55712 | Vaults:5 | Identified the +4 glaive of Peloso's Sudden Death {protect,
                  | Str+4}
 55730 | Vaults:5 | Killed an ancient lich
 55750 | Vaults:5 | Mangled by a titan

Levels and vault maps discovered:
D:1:      tarquinn_simple_flora_water_a, layout_basic
D:2:      minmay_chambers_of_ones, layout_loops_ring, first_ration,
          minmay_pentomino_pile
D:3:      layout_basic, nemelex_xobeh_ov_fountains_minmay, marbit_many_paths,
          portal_sewer_entry_f, grunt_decor_mini_mirrors,
          minmay_strange_pillars, nicolae_ru_great_annihilating_truth
D:4:      layout_basic, interstate_on_off
D:5:      layout_loops_ring, kennysheep_little_box,
          amethyst_overflow_temple_binary, minmay_temple_entry_hall,
          serial_glass, glass_columns_a, glass_columns_c
D:6:      layout_gridville, grunt_qazlal_clouds, serial_shops, shop,
          kennysheep_nondescript, minivault_27, sigmund_edmund_badplayer,
          uniq_blork_the_orc, uniq_menkaure, uniq_grinder, uniq_prince_ribbit1
D:7:      layout_basic, kiku_gazebo_pond_becter, serial_undead, serial_undead_b,
          serial_undead_c, serial_undead_c, serial_undead_c
D:8:      layout_rooms, elyvilon_altar_1, hangedman_ranch
          [blue_anna_fruit_fields], uniq_harold, uniq_psyche
D:9:      layout_loops_ring, david_lair_generic, nemelex_dance_club_becter
D:10:     layout_roguey, basic_altar
D:11:     layout_cave_pools, gauntlet_entry_generic, fedhas_altar_fruit_tree,
          uniq_snorg
D:12:     layout_stronghold, orc_0_dummy, portal_ice_cave_entry_pillars_2
D:13:     layout_roguey [special_room_orc], david_vaults_2
D:14:     layout_big_octagon, hangedman_decor_opposing, nrook_pool_corridor
D:15:     grunt_enter_depths_magical_seal, layout_rooms, lemuel_blue_sif_altar,
          drop_trap, roderic_serpentine_path
Temple:   nicolae_temple_great_sept
Lair:1:   layout_chaotic_city, basic_altar
Lair:2:   regret_index_combs_of_tragedy, layout_chaotic_city,
          spider_nest_entry_web_field, beast_lair_carwin_5
Lair:3:   cheibrodos_lair_river_kwai, layout_concentric_octagons,
          minmay_shoals_entry_beasts, minivault_25, uniq_sonja
Lair:4:   layout_loops_ring, ebering_ghost_disaster_area
Lair:5:   layout_small_grid, gammafunk_ghost_wrathful_warriors
Lair:6:   cheibrodos_lair_end_hotspot, layout_layer_cave, slime_altar_1
Shoals:1: layout_shoals, gammafunk_ghost_tricky_traps
Shoals:2: layout_shoals, serial_shops, nicolae_shop_waterfront, abandoned_shop
Shoals:3: layout_shoals, nicolae_shoals_siren_and_animal_friends, uniq_ilsuiw
Shoals:4: shoals_end_grunt_ice, layout_shoals, nicolae_shoals_seven_spires
Spider:1: layout_spider_delve, gammafunk_ghost_grave, uniq_roxanne, uniq_azrael,
          uniq_kirke
Spider:2: layout_spider_delve, hangedman_spider_tarantella_strand, uniq_arachne,
          uniq_aizul
Spider:3: layout_spider_delve, uniq_agnes
Spider:4: guppyfry_spider_rune, hangedman_stitches_earthworm
Orc:1:    layout_diamond_mine, uniq_maurice
Orc:2:    st_orc_town, layout_caves, basic_altar
Elf:1:    minmay_elf_arrival_circle, layout_geoelf_diagonals, special_room
          [special_room_orc], orc_legates
Elf:2:    layout_onion_city, gammafunk_ghost_wrathful_warriors,
          grunt_ministairs_6, minivault_27, dk_noncrumbling_2,
          kennysheep_underground_church
Elf:3:    grunt_elf_hall_asides, layout_loops_corners
Vaults:1: vaults_mumra_minichess_inversion, v_misc_23,
          nicolae_vaults_yaktaur_gun_rack, ontoclasm_vaults_tryst,
          vaults_room_ringed_pool, nicolae_vaults_gold_heap,
          hangedman_vaults_trim, nicolae_vaults_little_squares_4,
          nicolae_vaults_mini_display_case, layout_vaults_omnigrid,
          serial_shops, shop
Vaults:2: minmay_crypt_entry_simple_round, nicolae_vaults_sealed_display,
          hangedman_vaults_nails, v_misc_2, grunt_vaults_swirl,
          ontoclasm_vaults_shuriken, vaults_mumra_hex,
          layout_vaults_chaotic_city, serial_shops, shop, uniq_saint_roka
Vaults:3: nicolae_vaults_network_periphery, st_diamondy, vaults_room_corners,
          v_misc_4, v_misc_24, v_rooms_1, ontoclasm_vaults_eye,
          ontoclasm_vaults_ring_small, ontoclasm_vaults_twist,
          nicolae_vaults_rhombus_7, v_misc_8, hangedman_vaults_stagger,
          hangedman_vaults_stretched_pinwheel, ontoclasm_vaults_decontamination,
          layout_vaults_omnibox, serial_shops, shop_fountains, uniq_frederick,
          uniq_jory, uniq_donald, uniq_asterion
Vaults:4: nicolae_vaults_c_with_doors, hangedman_vaults_slice,
          ontoclasm_vaults_claustrophobia, nicolae_vaults_circle_grid_b,
          nicolae_vaults_big_angled_halls, hangedman_vaults_unwind, v_misc_22,
          vaults_room_pools, hangedman_vaults_pinch, v_rooms_4,
          vaults_room_large_hall, v_misc_30, v_misc_27, layout_vaults_maze,
          serial_shops, shop, shop, shop
Vaults:5: serial_shops, uniq_mara

Skill      XL: |  1  2  3  4  5  6  7  8  9 10 11 12 13 14 15 16 17 18 19 20 21 22 23 |
---------------+----------------------------------------------------------------------+-----
Armour         | 4 5 6 7 8 10 11 12 13 14 15 16 17 18 19 | 19.7
Fighting       | 4 5 6 7 8 9 10 11 12 13 14 15 16 18 19 20 21 22 | 22.9
Shields        | 4 5 6 8 10 12 14 16 18 20 21 23 24 25 26 27 | 27.0
Long Blades    | 3 4 5 6 9 11 13 14 15 16 17 18 19 20 21 22 23 | 23.2
Dodging        | 1 2 3 4 5 6 7 8 |  8.5
Stealth        | 1 2 |  2.3
Invocations    | 1 2 3 |  3.9
Evocations     | 1 |  1.1

Action                   |  1- 3 |  4- 6 |  7- 9 | 10-12 | 13-15 | 16-18 | 19-21 | 22-24 || total
-------------------------+-------+-------+-------+-------+-------+-------+-------+-------++-------
Melee: Long sword        |    95 |   271 |   317 |    94 |   540 |       |       |       ||  1317
       Headbutt          |    22 |    41 |    63 |   223 |   663 |   427 |   430 |   281 ||  2150
       Falchion          |       |       |       |   741 |  1670 |       |       |       ||  2411
       Scimitar          |       |       |       |       |   168 |    85 |       |       ||   253
       Katana            |       |       |       |       |       |  1247 |  1285 |   722 ||  3254
       Double sword      |       |       |       |       |       |   190 |    67 |       ||   257
       Demon blade       |       |       |       |       |       |       |    48 |       ||    48
Invok: Heroism           |       |       |     1 |    11 |     9 |    11 |     8 |     3 ||    43
       Finesse           |       |       |       |     2 |       |       |     1 |       ||     3
Evoke: Wand              |       |       |       |       |     8 |       |       |       ||     8
  Use: Potion            |     2 |       |     3 |     9 |     5 |     5 |     1 |     9 ||    34
       Scroll            |       |     5 |     9 |    10 |    14 |    19 |     8 |     7 ||    72
 Stab: Sleeping          |     1 |       |       |       |       |       |       |       ||     1
       Paralysed         |       |     1 |       |       |     5 |       |       |       ||     6
       Held in net/web   |       |       |       |       |     1 |       |       |       ||     1
  Eat: Chunk             |       |     6 |     8 |    11 |    38 |    35 |    28 |    11 ||   137
       Ration            |       |     1 |     1 |     4 |     3 |     2 |     2 |       ||    13
Armor: Scale mail        |    52 |   133 |       |    18 |       |       |       |       ||   203
       Chain mail        |       |       |   127 |   111 |       |       |       |       ||   238
       Crystal plate arm |       |       |       |    87 |   784 |   260 |       |       ||  1131
       Plate armour      |       |       |       |    10 |       |   560 |   381 |   251 ||  1202
Dodge: Dodged            |    31 |   108 |    75 |   194 |   313 |   549 |   337 |   225 ||  1832
Block: Shield            |    60 |   178 |   150 |   612 |  2022 |  2057 |  1492 |   837 ||  7408
       Reflection        |       |       |     4 |    14 |    58 |    56 |   139 |    80 ||   351
       Rpst.: Long sword |     9 |    27 |    14 |     5 |    18 |       |       |       ||    73
       Falchion          |       |       |       |    39 |    60 |       |       |       ||    99
       Scimitar          |       |       |       |       |     8 |     3 |       |       ||    11
       Katana            |       |       |       |       |       |    71 |    49 |    44 ||   164
       Double sword      |       |       |       |       |       |    17 |     1 |       ||    18
